 Dungeon Crawl Stone Soup version 0.20.1-1-g8b1a95d (webtiles) character file.

72 lorenzova the Conjurer (level 4, -4/24 HPs)
             Began as a Deep Elf Conjurer on Nov 19, 2017.
             Killed from afar by Ijyb (21 damage)
             ... with a wand of lightning (?/15)
             ... on level 3 of the Dungeon.
             The game lasted 00:03:08 (2086 turns).

lorenzova the Conjurer (Deep Elf Conjurer)          Turns: 2086, Time: 00:03:08

Health: -4/24      AC:  4    Str:  5    XL:     4   Next: 7%
Magic:  4/12       EV: 13    Int: 21    God:
Gold:   129        SH:  0    Dex: 15    Spells: 4/11 levels left

rFire    . . .     SeeInvis .   r - +1 spear (pierce)
rCold    . . .     Gourm    .   (no shield)
rNeg     . . .     Faith    .   a - +0 robe
rPois    .         Spirit   .   l - +1 helmet
rElec    .         Reflect  .   (no cloak)
rCorr    .         Harm     .   (no gloves)
MR       .....                  (no boots)
Stlth    ++........             d - amulet of rage
Regen    0.1/turn               (no ring)
MPRegen  0.2/turn               (no ring)

@: very slightly contaminated
A: no striking features
a: Evoke Berserk Rage


You were on level 3 of the Dungeon.
You were not hungry.

You visited 1 branch of the dungeon, and saw 3 of its levels.

You collected 129 gold pieces.

Inventory:

Hand Weapons
 e - a +0 mace
 r - a +1 spear of piercing (weapon)
Armour
 a - a +0 robe (worn)
 l - a +1 helmet (worn)
 n - a +2 ring mail of magic resistance
Jewellery
 d - an amulet of rage (around neck)
Scrolls
 f - a scroll of enchant armour {unknown}
 h - 3 scrolls of identify {unknown}
 i - 2 scrolls of fog {unknown}
 p - 2 scrolls of enchant weapon {unknown}
 s - a scroll of teleportation {unknown}
Potions
 j - 4 potions of curing {unknown}
 k - 2 potions of heal wounds {unknown}
 o - a potion of invisibility {unknown}
 q - a potion of haste {unknown}
 t - 2 potions of brilliance {unknown}
Books
 b - a book of Conjurations

   Spells                             Type                      Level
   a - Magic Dart                     Conjuration                  1
   b - Searing Ray                    Conjuration                  2
   c - Dazzling Spray                 Conjuration/Hexes            3
   d - Fulminant Prism                Conjuration/Hexes            4
   e - Force Lance                    Conjuration/Translocation    4
   f - Iskenderun's Mystic Blast      Conjuration                  4
Comestibles
 c - 2 bread rations
 g - 2 meat rations
 m - a royal jelly


   Skills:
 - Level 2.4 Dodging
 - Level 2.4 Stealth
 + Level 4.4 Spellcasting
 + Level 5.5 Conjurations


You had 4 spell levels left.
You knew the following spells:

 Your Spells              Type           Power        Failure   Level  Hunger
a - Magic Dart            Conj           ####         1%          1    None
b - Searing Ray           Conj           ####..       1%          2    #......
c - Iskenderun's Mystic   Conj           ####....     12%         4    ####...


Dungeon Overview and Level Annotations

Branches:
Dungeon (3/15)

Altars:

Annotations:
D:3 Ijyb


Message History

Ijyb closely misses you.
Casting: Magic Dart
Confirm with . or Enter, or press ? or * to list all spells.
Aiming: Magic Dart
Press: ? - help, Shift-Dir - straight line, f/p - Ijyb
Aim: Ijyb, wielding a club and wearing a ring mail (moderately wounded)
You miscast Magic Dart.
You are very lightly contaminated with residual magic.
Nothing appears to happen.
Ijyb zaps a wand.
The bolt of lightning hits you!
It is a wand of lightning (?/15).
Casting: Magic Dart
Confirm with . or Enter, or press ? or * to list all spells.
Aiming: Magic Dart
Press: ? - help, Shift-Dir - straight line, f/p - Ijyb
Aim: Ijyb, wielding a club, wearing a ring mail and carrying a wand of lightning (?/15) {zapped: 1} (moderately wounded)
The magic dart hits Ijyb.
Ijyb is heavily wounded.
Ijyb zaps a wand.
The bolt of lightning hits you!
Ouch! That really hurt!
You die...

## ### ######.#####
#.# #....g......
#.#####
#.######@#.####
#......
#.............#
#.#####
######.#####.## #.#
#.......... #.#
#..#####.#. #.#
#..#####.#..# #.#
#......#.#..# #.#
#.####.#.#..###.###
... #.#.#..#.....#


You could see Ijyb.

Vanquished Creatures
  3 adders (D:2)
  2 worms
  A dart slug (D:2)
  A leopard gecko (D:1)
  A giant cockroach (D:1)
  5 goblins
  4 hobgoblins
  4 jackals (D:1)
  A ball python (D:2)
  7 bats
  2 frilled lizards
  4 kobolds
  3 rats
38 creatures vanquished.

Notes
Turn   | Place    | Note
-------+----------+-------------------------------------------
     0 | D:1      | lorenzova the Deep Elf Conjurer began the quest for the Orb.
     0 | D:1      | Reached XP level 1. HP: 10/10 MP: 6/6
   154 | D:1      | Reached XP level 2. HP: 15/15 MP: 4/8
   158 | D:1      | Learned a level 2 spell: Searing Ray
   645 | D:1      | Reached skill level 5 in Conjurations
  1255 | D:2      | Reached XP level 3. HP: 19/19 MP: 8/10
  1726 | D:2      | Reached XP level 4. HP: 24/24 MP: 10/12
  1732 | D:2      | Learned a level 4 spell: Iskenderun's Mystic Blast
  2076 | D:3      | Noticed Ijyb
  2086 | D:3      | Killed from afar by Ijyb

Skill      XL: |  1  2  3 |
---------------+----------+-----
Conjurations   | 5 |  5.5
Spellcasting   | 4 |  4.4
Dodging        | |  2.4
Stealth        | |  2.4

Action                   |  1- 3 |  4- 6 || total
-------------------------+-------+-------++-------
Melee: Mace              |     2 |       ||     2
 Cast: Magic Dart        |    85 |    17 ||   102
  Eat: Chunk             |     2 |     1 ||     3
Armor: Robe              |     1 |     2 ||     3
Dodge: Dodged            |     6 |     2 ||     8
